 Seeded DCSS version 0.27.1-4-g1640c2035a (webtiles) character file.

Game seed: 20211103 (custom seed)

39 jessy the Chopper (level 3, -1/33 HPs)
             Began as a Minotaur Berserker on Nov 3, 2021.
             Was a Believer of Trog.
             Slain by a frilled lizard (2 damage)
             ... on level 2 of the Dungeon.
             The game lasted 00:05:19 (966 turns).

jessy the Chopper (Minotaur Berserker)               Turns: 966, Time: 00:05:19

Health: -1/33      AC:  3    Str: 22    XL:     3   Next: 26%
Magic:  2/2        EV: 11    Int:  4    God:    Trog [**....]
Gold:   75         SH:  0    Dex:  9    Spells: 2/2 levels left

rFire    . . .     SeeInvis .   a - +0 hand axe
rCold    . . .     Faith    .   (no shield)
rNeg     . . .     Spirit   .   i - +0 leather armour
rPois    .         Reflect  .   (helmet restricted)
rElec    .         Harm     .   (no cloak)
rCorr    .         Rampage  .   (no gloves)
Will     .....                  (no boots)
Stlth    +.........             (no amulet)
HPRegen  0.11/turn              (no ring)
MPRegen  0.08/turn              (no ring)

@: lethally poisoned (-1 -> -5)
A: horns 2, retaliatory headbutt
a: Renounce Religion, Berserk, Trog's Hand


You were on level 2 of the Dungeon.
You worshipped Trog.
Trog was pleased with you.
You visited 1 branch of the dungeon, and saw 2 of its levels.

You collected 75 gold pieces.

Inventory:

Hand Weapons
 a - a +0 hand axe (weapon)
 l - a +0 hunting sling
Missiles
 c - 7 boomerangs (quivered)
Armour
 b - a +0 animal skin
 e - a +0 robe
 i - a +0 leather armour (worn)
Scrolls
 f - a scroll of enchant armour {unknown}
 h - a scroll of magic mapping {unknown}
 j - a scroll of blinking {unknown}
Potions
 d - a potion of might {unknown}
 g - a potion of brilliance {unknown}
 k - a potion of resistance {unknown}


   Skills:
 + Level 4.2 Fighting
 + Level 4.4 Axes
 + Level 2.7 Armour
 + Level 2.4 Dodging


You had 2 spell levels left.
You didn't know any spells.
Your spell library was empty.

Dungeon Overview and Level Annotations

Branches:
Dungeon (2/15)

Altars:


Innate Abilities, Weirdness & Mutations

You have a pair of horns on your head.
You reflexively headbutt those who attack you in melee.


Message History

The bat closely misses you. The bat hits you but does no damage.
The bat hits you. The adder bites you but does no damage.
You see here a +0 club.
The bat hits you but does no damage. The adder bites you.
You are poisoned.
The adder poisons you!
A frilled lizard comes into view.
You feel sick.
The frilled lizard hisses angrily.
The bat barely misses you. The bat hits you but does no damage.
The adder closely misses you. The adder bites you. The bat barely misses you.
You see here a +0 club.
You feel sick. The bat hits you but does no damage.
A goblin comes into view. It is wielding a +0 dagger.
The adder bites you.
You feel sick. The bat barely misses you.
You feel sick. The bat hits you. The adder bites you.
You are more poisoned.
The adder poisons you! The ball python barely misses you.
The ball python grabs you. The ball python constricts you.
* * * LOW HITPOINT WARNING * * *
You escape the ball python's grasp.
* * * LOW HITPOINT WARNING * * *
You feel sick. The bat hits you but does no damage.
The ball python bites you but does no damage.
The ball python grabs you. The ball python constricts you.
The adder barely misses you. The frilled lizard bites you.
* * * LOW HITPOINT WARNING * * *
You miss the adder. You closely miss the frilled lizard. You hit the goblin.
You kill the goblin!
Trog accepts your kill.
You hit the ball python.
You kill the ball python!
Trog accepts your kill.
* * * LOW HITPOINT WARNING * * *
You feel sick. The bat barely misses you. The adder bites you.
* * * LOW HITPOINT WARNING * * *
The frilled lizard hisses.
The frilled lizard bites you.
You die...

.###... .. ..
##...... #.#..
....#.# .....
#..... #.#. #.#.#
#...###...#
#....)### ##)#†.#
#l@S.#######...
####.......#...
#...###.#...#
#...# ....#
####.#### #...####
#.......# #.#.....
#.......# #.#..##.
#.......###.#..<..
#.......##......##


You could see an adder and a frilled lizard.

Vanquished Creatures
  3 dart slugs (D:1)
  2 bats
  4 endoplasms (D:1)
  4 goblins
  3 hobgoblins (D:1)
  3 ball pythons
  2 frilled lizards (D:1)
  5 kobolds
  10 rats (D:1)
36 creatures vanquished.

Notes
Turn   | Place    | Note
-------+----------+-------------------------------------------
     0 | D:1      | jessy the Minotaur Berserker began the quest for the Orb.
     0 | D:1      | Reached XP level 1. HP: 19/19 MP: 0/0
   134 | D:1      | Reached XP level 2. HP: 16/27 MP: 1/1
   470 | D:1      | Reached ** piety under Trog
   495 | D:1      | Reached XP level 3. HP: 20/33 MP: 2/2
   966 | D:2      | HP: 1/33 [adder (4)]
   966 | D:2      | Slain by a frilled lizard

Illustrated notes

Levels and vault maps discovered:
D:1:      sevenhm_arrival_forest_fort_small_3, layout_basic,
          minmay_rat_gold_closets
D:2:      layout_basic, minmay_fractal_squares_5

Skill      XL: |  1  2 |
---------------+-------+-----
Axes           | 4 |  4.4
Fighting       | 4 |  4.2
Armour         | |  2.7
Dodging        | |  2.4

Action                   || total
-------------------------++-------
Melee: Hand axe          ||    60
       Headbutt          ||    11
Armor: Animal skin       ||     3
       Robe              ||     1
       Leather armour    ||    21
Dodge: Dodged            ||    54
